 Dungeon Crawl Stone Soup version 0.31-a0-472-g43a2ca8e1b (webtiles) character file.

Game seed: 2386188517764684956

5049 Ethylacetat the Mimic (level 10, -1/72 HPs)
             Began as an Octopode Shapeshifter on Aug 6, 2023.
             Was an Initiate of Gozag.
             Slain by a vampire (11 damage)
             ... on level 9 of the Dungeon.
             The game lasted 00:15:55 (9202 turns).

Ethylacetat the Mimic (Octopode Shapeshifter)       Turns: 9202, Time: 00:15:56

Health: -1/72      AC:  5    Str: 20    XL:     10   Next: 56%
Magic:  0/10       EV: 13    Int: 12    God:    Gozag
Gold:   1041       SH:  0    Dex: 16    Spells: 9/9 levels left

rFire   . .          .
                       - Unarmed
rCold   . . .        (no shield)
rNeg    . . .        (helmet currently unavailable)
rPois   .            r - amulet of guardian spirit
rElec   .            a - +6 ring of strength
rCorr   .            q - +4 ring of protection
SInv    .            (no ring)
Will    .....        (no ring)
Stlth   ++           (no ring)
HPRegen 0.32/turn    (no ring)
MPRegen 0.12/turn    (no ring)
                     (no ring)

%: guardian spirit
@: confused, beast-form
A: beast (slay +6), almost no armour, amphibious, 8 rings, camouflage 1,
gelatinous body 1, (nimble swimmer 1), tentacles
a: Begin Untransformation, Renounce Religion, Potion Petition, Call Merchant,
Bribe Branch


You were on level 9 of the Dungeon.
You worshipped Gozag.
Gozag was most pleased with you.
You were a hulking beast.
You visited 2 branches of the dungeon, and saw 10 of its levels.

You collected 1088 gold pieces.
You paid 47 gold pieces to Gozag.

Inventory:

Armour
 m - a +1 hat
Jewellery
 a - a +6 ring of strength (left tentacle)
 q - a +4 ring of protection (right tentacle)
 r - an amulet of guardian spirit (around mantle)
Talismans
 b - a beast talisman (active)
Wands
 l - a wand of iceblast (10)
Scrolls
 c - a scroll of revelation {unknown}
 e - a scroll of enchant weapon {unknown}
 g - 4 scrolls of noise {unknown}
 h - a scroll of blinking {unknown}
 i - 2 scrolls of teleportation {unknown}
 j - a scroll of torment {unknown}
 k - 3 scrolls of fog {unknown}
 n - 6 scrolls of identify {unknown}
 o - 2 scrolls of vulnerability {unknown}
 p - 4 scrolls of fear {unknown}
 s - 2 scrolls of enchant armour {unknown}
 t - a scroll of silence {unknown}
Potions
 d - a potion of lignification


   Skills:
 + Level 7.6 Fighting
 - Level 2.0 Dodging
 + Level 8.3 Unarmed Combat
 * Level 9.7 Shapeshifting


You had 9 spell levels left.
You didn't know any spells.
Your spell library contained the following spells:

 Spells                   Type           Power      Damage    Failure   Level
 Foxfire                  Conj/Fire      0%         2x1d4     32%         1
 Tukima's Dance           Hex            0%         N/A       69%         3
 Passage of Golubria      Tloc           0%         N/A       97%         4
 Yara's Violent Unravell  Hex/Tmut       0%         3d3       100%        5
 Plasma Beam              Fire/Air       0%         2x1d10    100%        6
 Starburst                Conj/Fire      0%         6d3       100%        6


Dungeon Overview and Level Annotations

Branches:
Dungeon (9/15)             Temple (1/1) D:5
   Lair: D:8-11         Orc: D:9-12

Altars:
Ashenzari
Cheibriados
Dithmenos
Elyvilon
Fedhas
Gozag
Hepliaklqana
Kikubaaqudgha
Makhleb
Nemelex Xobeh
Okawaru
Qazlal
Ru
Sif Muna
Trog
Uskayaw
Vehumet
Wu Jian
Xom
Yredelemnul
Zin
The Shining One

Shops:
D:6 :


Innate Abilities, Weirdness & Mutations

You are a hulking beast.
Your limbs bulge with bestial killing power. (Slay +6)
You cannot wear most types of armour.
You are amphibious.
You can wear up to eight rings at the same time.
Your skin changes colour to match your surroundings (Stealth+).
Your rubbery body absorbs attacks. (AC +1, EV +1)
((You are camouflaged when in or above water. (Stealth+)))
You have tentacles for arms and can constrict up to eight enemies at once.


Message History

You are confused.
The vampire gestures wildly while chanting.
The vampire flickers and vanishes!
Deactivating autopickup; reactivate with Ctrl-A.
Something hits you. Something bites you.
Something draws strength from your injuries!
You feel less confused.
You batter something!! Something hits you. Something barely misses you.
You barely miss something. Your squeeze misses something. Something hits you.
Something bites you!
Something draws strength from your injuries!
You bludgeon something! You tentacle-slap something.
Something draws life force from you!
You tentacle-slap something. Your squeeze misses something.
Something draws life force from you.
You miss something. Your squeeze misses something. Something hits you!
Something barely misses you.
You barely miss something. You miss something.
Something draws life force from you!
* * * LOW HITPOINT WARNING * * *
You tentacle-slap something. Something hits you!
* * * LOW HITPOINT WARNING * * *
Something bites you!
* * * LOW HITPOINT WARNING * * *
Something draws strength from your injuries!
You feel better. Something hits you!
* * * LOW HITPOINT WARNING * * *
Something barely misses you.
You bludgeon something! Something hits you but does no damage.
Something bites you.
* * * LOW HITPOINT WARNING * * *
Something draws strength from your injuries!
You feel better. Something draws life force from you!
* * * LOW HITPOINT WARNING * * *
You feel better.
You hear some strange, mumbled words.
You are confused.
You bump into the rock wall.
Something hits you!
You die...
Your body crumbles into a pile of gold.

#...........#
#...........#
#######...>.#
##...##.....#
#...........#
#...........#
#...........#
#...........#
#.....h{....#
#######.....#
#.....#
>.....#
......#
......#
########


There were no monsters in sight!

Vanquished Creatures
  2 two-headed ogres (D:8)
  Maggie (D:7)
  A wraith (D:9)
  4 yaks
  A steam dragon (D:9)
  A water moccasin (D:8)
  An acid dragon (D:6)
  An ice beast (D:8)
  An orc warrior (D:6)
  A sky beast (D:6)
  2 ogres
  4 centaurs
  A phantom (D:5)
  2 kobold brigands
  3 bullfrogs
  A wyvern zombie (D:6)
  4 scorpions
  A gnoll sergeant (D:8)
  2 wights (D:9)
  2 bullfrog zombies (D:6)
  2 hounds
  A jelly (D:5)
  3 orc priests
  A centaur zombie (D:6)
  5 iguanas
  5 orc wizards
  3 killer bee zombies (D:6)
  A hound zombie (D:3)
  8 gnolls
  8 adders
  A shadow imp (D:6)
  4 white imps
  An adder skeleton (D:3)
  2 adder zombies (D:3)
  2 worms (D:4)
  2 dart slugs
  14 orcs
  5 bats
  8 endoplasms
  5 giant cockroaches
  11 goblins
  A hobgoblin (D:1)
  2 jackals (D:1)
  2 quokkas
  10 ball pythons
  2 ball python skeletons (D:3)
  6 frilled lizards
  A giant cockroach zombie (D:3)
  28 kobolds
  A quokka skeleton (D:3)
  A quokka zombie (D:3)
  7 rats
189 creatures vanquished.

Notes
Turn   | Place    | Note
-------+----------+-------------------------------------------
     0 | D:1      | Ethylacetat the Octopode Shapeshifter began the quest for
                  | the Orb.
     0 | D:1      | Reached XP level 1. HP: 13/13 MP: 1/1
   123 | D:1      | Reached XP level 2. HP: 17/18 MP: 2/2
   583 | D:1      | Reached XP level 3. HP: 22/23 MP: 3/3
  1037 | D:1      | Found a faded altar of an unknown god.
  1762 | D:3      | Reached XP level 4. HP: 21/29 MP: 4/4
  1930 | D:3      | Reached skill level 4 in Shapeshifting
  2162 | D:3      | Reached XP level 5. HP: 21/35 MP: 5/5
  2331 | D:3      | Found a hide-covered altar of Uskayaw.
  2643 | D:4      | Found a hazy altar of Hepliaklqana.
  2677 | D:4      | Reached XP level 6. HP: 20/41 MP: 6/6
  3010 | D:4      | Found a blossoming altar of Fedhas.
  3020 | D:4      | Reached skill level 5 in Shapeshifting
  3113 | D:4      | Reached XP level 7. HP: 16/46 MP: 7/7
  3359 | D:4      | Found a radiant altar of Vehumet.
  3985 | D:5      | Entered Level 5 of the Dungeon
  4064 | D:5      | Reached skill level 5 in Unarmed Combat
  4211 | D:5      | Found a staircase to the Ecumenical Temple.
  4294 | Temple   | Entered the Ecumenical Temple
  4313 | Temple   | Became a worshipper of Gozag Ym Sagoz the Greedy
  4520 | D:5      | Reached skill level 6 in Shapeshifting
  4520 | D:5      | Reached XP level 8. HP: 26/54 MP: 8/8
  5770 | D:6      | Found Nacump's Book Shop.
  5785 | D:6      | Reached skill level 5 in Fighting
  6077 | D:6      | Found a basalt altar of Yredelemnul.
  6096 | D:6      | Reached skill level 7 in Shapeshifting
  6237 | D:6      | Reached XP level 9. HP: 47/61 MP: 9/9
  6363 | D:6      | Found an ornate altar of the Wu Jian Council.
  6364 | D:6      | Found a bloodstained altar of Trog.
  7151 | D:7      | Noticed Maggie
  7161 | D:7      | Killed Maggie
  7162 | D:7      | Reached skill level 8 in Shapeshifting
  7272 | D:7      | Found a broken altar of Ashenzari.
  7509 | D:8      | Found an ancient bone altar of Kikubaaqudgha.
  7914 | D:8      | Found a glowing silver altar of Zin.
  7914 | D:8      | Noticed a two-headed ogre
  8207 | D:8      | Noticed a two-headed ogre
  8210 | D:8      | Killed a two-headed ogre
  8211 | D:8      | Reached XP level 10. HP: 69/69 MP: 10/10
  8216 | D:8      | Killed a two-headed ogre
  8217 | D:8      | Reached skill level 9 in Shapeshifting
  9197 | D:9      | HP: 2/72 [something (10)]
  9202 | D:9      | Slain by a vampire

Illustrated notes

Levels and vault maps discovered:
D:1:      grunt_arrival_crossed_arrows, layout_basic,
          hellmonk_ecumenical_altar_inner_sanctum
D:2:      layout_loops_ring, st_stairs_7
D:3:      layout_basic, nicolae_uskayaw_dance_hall, serial_undead,
          serial_undead_d, serial_undead_d, serial_undead_c, serial_undead_f,
          serial_undead_f, serial_undead_b, serial_undead_f, minivault_24,
          st_stairs_2, nicolae_twisty_statue_hallways
D:4:      kennysheep_kobold_camp, layout_basic, mainiacjoe_overflow_boulevard,
          mainiacjoe_overflow_big_doors, grunt_ministairs_15,
          minmay_misc_feat_rows, small_statue_alley_b, nrook_mini_backslash
D:5:      cheibrodos_helix_gallery, layout_cave_pods,
          minmay_temple_entry_statues_fountains, minmay_circle_x
D:6:      layout_basic, mainiacjoe_overflow_divided_tiny,
          nicolae_yredelemnul_corpse_copse, serial_shops,
          nicolae_take_the_stairs, minmay_tree_intersection
D:7:      layout_rooms, lemuel_doored_altar, uniq_maggie
D:8:      layout_rooms, mainiacjoe_overflow_alcove_2,
          nicolae_kikubaaqudgha_miasma_corner
D:9:      layout_gridville, serial_park_tiny_1
Temple:   nicolae_temple_slightly_damp_pantheon

Skill      XL: |  1  2  3  4  5  6  7  8  9 10 |
---------------+-------------------------------+-----
Fighting       | 2 3 4 5 6 7 |  7.6
Shapeshifting  | 4 5 6 7 8 9 |  9.7
Unarmed Combat | 4 5 6 7 8 |  8.3
Dodging        | |  2.0

Action                     |  1- 3 |  4- 6 |  7- 9 | 10-12 || total
---------------------------+-------+-------+-------+-------++-------
  Melee: Unarmed           |    73 |   102 |   285 |    51 ||   511
         Constrict         |    19 |    30 |    81 |     4 ||   134
         Tentacles         |    13 |    20 |    70 |    11 ||   114
         Punch             |     1 |     4 |    12 |     5 ||    22
  Evoke: Wand              |       |       |     3 |     3 ||     6
    Use: Potion            |       |       |    10 |     3 ||    13
   Stab: Sleeping          |     8 |     6 |     3 |     3 ||    20
         Distracted        |     1 |       |       |       ||     1
 Armour: Skin              |     4 |     6 |    42 |     3 ||    55
  Dodge: Dodged            |    28 |    73 |   133 |    22 ||   256

Table legend: (Time is in decaauts)
 A = Elapsed time spent in this place.
 B = Non-inter-level travel time spent in this place.
 C = Inter-level travel time spent in this place.
 D = Time resting spent in this place.
 E = Time spent auto-exploring this place.
 F = Levels seen in this place.
 G = Mean time per level.
                   A        B        C        D        E       F      G
               +--------+--------+--------+--------+--------+-----+--------+
         Total |   9160 |   8906 |    254 |    824 |   6725 |  10 |  916.0 |
       Dungeon |   9121 |   8903 |    218 |    824 |   6725 |   9 | 1013.4 |
        Temple |     38 |      2 |     36 |      0 |      0 |   1 |   38.0 |
               +--------+--------+--------+--------+--------+-----+--------+

Top non-repeatable levels by time:
     D:6: 1516 daAuts
     D:4: 1339 daAuts
     D:5: 1317 daAuts
     D:8: 1209 daAuts
     D:1: 1122 daAuts
     D:3: 879 daAuts
     D:2: 625 daAuts
     D:7: 574 daAuts
     D:9: 538 daAuts
  Temple: 38 daAuts
